AoeStats
← ioan.nicorrici

Arena

505335082Analyzed
1v1 RM · 22d ago on Sep 8, 2026· 34m 26s· 2 players
Game mode
Random Map
Map size
Tiny (2 player)
Population
200
Speed
Normal
Resources
Standard
Victory
Conquest
Starting age
Dark Age
Ending age
Imperial Age
RankedLock teamsTeams togetherTeam positionsShared explorationLock speedFull tech treeHidden civsTurbo modeCheats
Victory
Defeat
🇷🇴 Persians · Romania
997
+45
🇲🇽 Bengalis · Mexico
995
-16
El Mexa S
4:35 Loom
11:34 Feudal Age
12:24 Double-Bit Axe
24:49 Castle Age
26:45 Bow Saw
27:40 Town Watch
30:59 Wheelbarrow
31:54 Fletching
32:44 Bodkin Arrow
ioan.nicorrici
5:48 Loom
Connection lost

Rejoining the realm…

Still unreachable

The connection could not be restored.

Session expired

The server has moved on; the page needs a fresh start.